 Dungeon Crawl Stone Soup version 0.31-a0-237-g2d982f9f85 (webtiles) character file.

Game seed: 14842338894715308971

519 qw the Shooter (level 7, -1/44 HPs)
             Began as a Gargoyle Hexslinger on July 10, 2023.
             Slain by Pikel
             ... wielding a +1 whip of freezing
              (4 damage)
             ... on level 4 of the Dungeon.
             The game lasted 00:01:10 (2046 turns).

qw the Shooter (Gargoyle Hexslinger)                Turns: 2046, Time: 00:01:11

Health: -1/44      AC: 18    Str: 11    XL:     7   Next: 21%
Magic:  8/8        EV: 10    Int: 14    God:
Gold:   220        SH:  0    Dex: 17    Spells: 7/8 levels left

rFire   . . .        Y - +3 sling
rCold   . . .        (no shield)
rNeg    + . .        f - +0 ring mail
rPois   inf          (no helmet)
rElec   +            (no cloak)
rCorr   +            b - +0 pair of gloves {Dex+3}
SInv    .            g - +2 pair of boots
Will    .....        j - amulet of regeneration
Stlth   +            c - ring of resist corrosion
HPRegen 1.07/turn    i - +4 ring of protection
MPRegen 0.11/turn

%: no passive effects
@: no status effects
A: sickness immunity, AC +4, negative energy resistance 1, electricity
resistance, torment resistance 1, petrification resistance
a: no special abilities


You were on level 4 of the Dungeon.
You visited 1 branch of the dungeon, and saw 4 of its levels.

You collected 220 gold pieces.


Innate Abilities, Weirdness & Mutations

You are immune to sickness and miasma.
Your stone body is resilient. (AC +4)
You are immune to poison.
You resist negative energy. (rN+)
You are resistant to electric shocks. (rElec)
You are resistant to unholy torment.
You are immune to petrification.


   Skills:
 - Level 4.6 Fighting
 + Level 6.0 Ranged Weapons
 - Level 1.6 Armour
 - Level 1.5 Dodging
 - Level 1.0 Spellcasting
 - Level 2.6 Hexes


You had 7 spell levels left.
You knew the following spells:

 Your Spells              Type           Power      Damage    Failure   Level
a - Slow                  Hex            32%        N/A       21%         1

Your spell library contained the following spells:

 Spells                   Type           Power      Damage    Failure   Level
 Inner Flame              Hex/Fire       4%         N/A       71%         3
 Portal Projectile        Hex/Tloc       8%         N/A       71%         3
 Cause Fear               Hex            4%         N/A       90%         4

Inventory:

Hand Weapons
 Y - a +3 sling (weapon)
Armour
 b - a +0 pair of gloves of dexterity (worn)
 f - a +0 ring mail (worn)
 g - a +2 pair of boots (worn)
Jewellery
 c - a ring of resist corrosion (left hand)
 h - a ring of positive energy
 i - a +4 ring of protection (right hand)
 j - an amulet of regeneration (around neck)
Scrolls
 m - a scroll of enchant armour {unknown}
Potions
 a - a potion of heal wounds {unknown}
 d - a potion of degeneration {unknown}
 e - a potion of haste {unknown}
 k - a potion of attraction {unknown}
 l - a potion of curing {unknown}

Dungeon Overview and Level Annotations

Branches:
Dungeon (4/15)
 Temple: D:4-7

Altars:
Ashenzari
Trog

Annotations:
D:3 Pargi
D:4 Pikel


Message History

The lemure is severely wounded.
Pikel barely misses you. The lemure hits you but does no damage.
The lemure completely misses you. The lemure misses you.
The lemure completely misses you. The lemure hits you!
Pikel hits you with a +1 whip of freezing.
Pikel freezes you. The lemure hits you.
You shoot a sling bullet. The sling bullet hits the lemure.
The lemure is severely wounded.
The lemure hits you but does no damage. Pikel closely misses you.
The lemure hits you but does no damage. x2
You shoot a sling bullet. The sling bullet hits the lemure.
The lemure is almost dead.
The lemure hits you but does no damage. Pikel barely misses you.
The lemure barely misses you. The lemure hits you but does no damage.
You shoot a sling bullet. The sling bullet hits the lemure.
You kill the lemure!
That felt strangely unrewarding.
Pikel says, "You'll burn in Gehenna!"
Pikel barely misses you. The lemure barely misses you. The lemure misses you.
You shoot a sling bullet. The sling bullet closely misses Pikel.
Pikel says, "Hell isn't that bad."
Pikel closely misses you. The lemure hits you.
The endoplasm hits you but does no damage.
The lemure hits you but does no damage.
You shoot a sling bullet. The sling bullet hits Pikel.
Pikel is lightly wounded.
Pikel hits you with a +1 whip of freezing.
Pikel freezes you. The lemure barely misses you. x2
The endoplasm freezes you.
You are frozen.
The lemure closely misses you. The lemure hits you but does no damage.
Pikel hits you with a +1 whip of freezing.
Pikel freezes you. The endoplasm freezes you.
You are frozen.
You shoot a sling bullet. The sling bullet closely misses Pikel.
The lemure closely misses you. The endoplasm completely misses you.
Pikel hits you with a +1 whip of freezing!
Pikel freezes you.
You die...

.. #.#.# ### #.#.#
##.. #.#.# #...
###.#.# #..## ..
....#.# #...###...
....#.# #.5.......
##..#.# #5JK.._..#
#....# #5@# #....#
#..# #....#
######..###.#.
#....#
#.............
#..#.#
#.##..........
#..#.#
#.##.#########
#..#.## #..).####
#..#..###...........
#. #................


You could see Pikel, 3 lemures and an endoplasm.

Vanquished Creatures
  Sigmund (D:3)
  An ogre (D:4)
  A lemure (D:4)
  A scorpion (D:3)
  A sleepcap (D:4)
  Natasha (twice) (D:3)
  Terence (D:3)
  5 adders
  A worm (D:3)
  3 dart slugs (D:1)
  2 orcs
  4 ball pythons
  10 endoplasms
  4 giant cockroaches
  6 goblins
  6 hobgoblins
  2 jackals (D:3)
  2 quokkas
  3 bats
  3 frilled lizards
  4 kobolds
  9 rats
72 creatures vanquished.

Notes
Turn   | Place    | Note
-------+----------+-------------------------------------------
     0 | D:1      | qw the Gargoyle Hexslinger began the quest for the Orb.
     0 | D:1      | Reached XP level 1. HP: 12/12 MP: 2/2
     0 | D:1      | 0 ||| qw: Version: 0.3-a-52-g30416fa
     0 | D:1      | 0 ||| qw: Game counter: 5362
     0 | D:1      | 0 ||| qw: Melee chars always use a shield: true
     0 | D:1      | 0 ||| qw: God list: Okawaru
     0 | D:1      | 0 ||| qw: Allow faded altars: false
     0 | D:1      | 0 ||| qw: Do Orc after clearing Dungeon:15 true
     0 | D:1      | 0 ||| qw: Do second Lair branch before Depths: true
     0 | D:1      | 0 ||| qw: Lair rune preference: random
     0 | D:1      | 0 ||| qw: Goals: Normal
     0 | D:1      | 0 ||| PLANNING D:1-11
   107 | D:1      | Reached XP level 2. HP: 16/16 MP: 3/3
   220 | D:1      | Reached skill level 3 in Ranged Weapons
   342 | D:1      | Reached XP level 3. HP: 18/21 MP: 4/4
   669 | D:1      | 669 ||| UPGRADING to +0 leather armour.
   679 | D:1      | 679 ||| DROPPING +0 robe.
   680 | D:1      | 680 ||| READING scroll labelled EQUDOE XINAWINT.
   681 | D:1      | 681 ||| DROPPING scroll of poison.
   712 | D:2      | 712 ||| STAIRDANCE
   880 | D:2      | 880 ||| FLEEEEING.
   881 | D:2      | 881 ||| FLEEEEING.
   978 | D:2      | Reached XP level 4. HP: 26/26 MP: 5/5
  1055 | D:2      | Reached skill level 4 in Ranged Weapons
  1170 | D:2      | 1170 ||| UPGRADING to +0 ring mail.
  1180 | D:2      | 1180 ||| DROPPING +0 leather armour.
  1181 | D:2      | 1181 ||| UPGRADING to +2 pair of boots.
  1186 | D:2      | 1186 ||| UPGRADING to amulet of regeneration.
  1191 | D:2      | 1191 ||| UPGRADING to ring of resist corrosion.
  1192 | D:2      | 1192 ||| UPGRADING to +4 ring of protection.
  1193 | D:2      | 1193 ||| READING scroll labelled QIXTUY IDAGOJU.
  1193 | D:2      | Identified a scroll of acquirement
  1193 | D:2      | 1193 ||| ACQUIRING +0 pair of gloves of dexterity
  1193 | D:2      | Acquired a +0 pair of gloves of dexterity
  1195 | D:2      | 1195 ||| UPGRADING to +0 pair of gloves of dexterity.
  1200 | D:2      | 1200 ||| READING scroll labelled XINUASER KUSUF.
  1201 | D:2      | 1201 ||| READING scroll labelled TARHAEMUEM.
  1205 | D:2      | 1205 ||| READING 2 scrolls labelled PIMOGH SAFO.
  1206 | D:2      | 1206 ||| DRINKING 2 fuming inky potions.
  1248 | D:2      | 1248 ||| DROPPING potion of lignification.
  1249 | D:2      | 1249 ||| DROPPING scroll of fear.
  1284 | D:3      | Noticed Natasha
  1294 | D:3      | Killed Natasha
  1295 | D:3      | Reached skill level 1 in Armour
  1315 | D:3      | Noticed Sigmund
  1337 | D:3      | Reached XP level 5. HP: 23/30 MP: 6/6
  1359 | D:3      | Noticed Terence
  1375 | D:3      | Killed Terence
  1390 | D:3      | Killed Sigmund
  1391 | D:3      | Reached skill level 6 in Ranged Weapons
  1391 | D:3      | Reached XP level 6. HP: 32/35 MP: 7/7
  1421 | D:3      | 1421 ||| READING scroll of enchant weapon.
  1421 | D:3      | 1421 ||| ENCHANTING +2 sling.
  1465 | D:3      | Reached skill level 3 in Fighting
  1676 | D:3      | Found a broken altar of Ashenzari.
  1681 | D:3      | Saw a vision of the Swamp and the Snake Pit.
  1681 | D:3      | Noticed a naga mage
  1681 | D:3      | Noticed a black mamba
  1681 | D:3      | Noticed an alligator
  1681 | D:3      | Noticed a goliath frog
  1681 | D:3      | Noticed a bunyip
  1681 | D:3      | Noticed a goliath frog
  1681 | D:3      | Noticed a tyrant leech
  1681 | D:3      | Noticed a goliath frog
  1681 | D:3      | Noticed an anaconda
  1681 | D:3      | Noticed an eleionoma
  1681 | D:3      | Noticed a shock serpent
  1682 | D:3      | Noticed Pargi
  1682 | D:3      | Noticed a naga ritualist
  1682 | D:3      | Noticed a naga
  1682 | D:3      | Noticed an alligator
  1683 | D:3      | Noticed a naga warrior
  1684 | D:3      | Noticed a naga mage
  1684 | D:3      | Noticed a tyrant leech
  1746 | D:3      | Noticed Natasha
  1757 | D:3      | Killed Natasha
  1772 | D:3      | Found a faded altar of an unknown god.
  1925 | D:4      | Reached XP level 7. HP: 42/42 MP: 8/8
  2025 | D:4      | Found a bloodstained altar of Trog.
  2025 | D:4      | Noticed Pikel
  2045 | D:4      | HP: 10/44 [frozen (5)]
  2046 | D:4      | HP: 3/44 [Pikel/+1 whip of freezing (8)]
  2046 | D:4      | Slain by Pikel

Levels and vault maps discovered:
D:1:      dpeg_arrival_ratfight, layout_basic, chequers_serial_rivers_large_a
D:2:      layout_rooms
D:3:      layout_rooms, grunt_ashenzari_visionary
          [grunt_ashenzari_visionary_swamp, grunt_ashenzari_visionary_snake],
          chequers_ecumenical_altar_twisty, uniq_pargi, uniq_terence,
          uniq_sigmund, uniq_natasha
D:4:      layout_basic, makhleb_blood_cavern_becter, trog_three_pillars_becter,
          serial_shops, nicolae_shop_peninsula, uniq_pikel

Skill      XL: |  1  2  3  4  5  6  7 |
---------------+----------------------+-----
Ranged Weapons | 3 4 6 |  6.0
Fighting       | 2 3 4 |  4.6
Armour         | 1 |  1.6
Dodging        | |  1.5
Spellcasting   | |  1.0
Hexes          | |  2.6

Action                     |  1- 3 |  4- 6 |  7- 9 || total
---------------------------+-------+-------+-------++-------
   Fire: Sling             |   104 |   136 |    29 ||   269
    Use: Scroll            |     1 |     5 |       ||     6
         Potion            |       |     1 |       ||     1
 Armour: Robe              |    10 |       |       ||    10
         Leather armour    |    14 |     2 |       ||    16
         Ring mail         |       |    83 |    23 ||   106
  Dodge: Dodged            |    31 |    68 |    33 ||   132

Table legend:
 A = Non-vault XP
 B = Vault XP
 C = Vault XP percentage of total XP
 D = Non-vault monster count
 E = Vault monster count
 F = Vault count percentage of total count
                 A         B        C        D         E       F
            +---------+---------+-------+---------+---------+-------
      Total |     439 |     303 |  40.8 |      63 |       8 |  11.3
            +---------+---------+-------+---------+---------+-------
        D:1 |      49 |       5 |   9.3 |      25 |       5 |  16.7
        D:2 |      61 |       0 |   0.0 |      15 |       0 |   0.0
        D:3 |     153 |     298 |  66.1 |      15 |       3 |  16.7
        D:4 |     176 |       0 |   0.0 |       8 |       0 |   0.0
            +---------+---------+-------+---------+---------+-------
